 Dungeon Crawl Stone Soup version 0.28-a0-925-gd5e1996cdb (webtiles) character file.

Game seed: 2326978805639325892

5 bearlyready the Bolt Thrower (level 1, 0/12 HPs)
             Began as a Kobold Hunter on Nov 26, 2021.
             Slain by a quokka (2 damage)
             ... on level 1 of the Dungeon.
             The game lasted 00:00:32 (417 turns).

bearlyready the Bolt Thrower (Kobold Hunter)         Turns: 417, Time: 00:00:33

Health: 0/12       AC:  3    Str:  9    XL:     1   Next: 88%
Magic:  1/1        EV: 14    Int: 12    God:
Gold:   26         SH:  0    Dex: 15    Spells: 0/0 levels left

rFire   . . .      SeeInvis .   a - +1 hand crossbow
rCold   . . .      Faith    .   (shield restricted)
rNeg    . . .      Spirit   .   c - +0 leather armour
rPois   .          Reflect  .   (no helmet)
rElec   .          Harm     .   (no cloak)
rCorr   .          Rampage  .   (no gloves)
Will    .....                   (no boots)
Stlth   +++.......              (no amulet)
HPRegen 0.04/turn               (no ring)
MPRegen 0.07/turn               (no ring)

@: no status effects
A: small, no large weapons, nightstalker 3
a: no special abilities


You were on level 1 of the Dungeon.
You visited 1 branch of the dungeon, and saw 1 of its levels.

You collected 26 gold pieces.

Inventory:

Hand Weapons
 a - a +1 hand crossbow (weapon)
 b - a +0 short sword
Missiles
 d - 19 bolts (quivered ammo)
 g - 6 poisoned darts
Armour
 c - a +0 leather armour (worn)
Scrolls
 e - a scroll of magic mapping {unknown}
 f - a scroll of identify {unknown}


   Skills:
 - Level 2.1 Fighting
 + Level 0.0 Short Blades
 + Level 5.2 Crossbows
 - Level 2.4 Dodging
 - Level 1.3 Stealth


You couldn't memorise any spells.
You didn't know any spells.
Your spell library contained the following spells:

 Spells                   Type           Power      Damage    Failure   Level
 Magic Dart               Conj           0%         1d3       43%         1
 Call Imp                 Summ           0%         N/A       56%         2
 Mephitic Cloud           Conj/Pois/Air  0%         N/A       80%         3


Dungeon Overview and Level Annotations

Branches:
Dungeon (1/15)

Altars:


Innate Abilities, Weirdness & Mutations

You are small and have problems with some larger weapons.
You are completely attuned to the shadows.


Message History

You hit the quokka but do no damage. The quokka closely misses you.
You hit the quokka.
The quokka is almost dead.
The quokka completely misses you. The quokka bites you.
You completely miss the quokka.
The quokka is almost dead.
The quokka closely misses you.
You completely miss the quokka.
The quokka is almost dead.
The quokka barely misses you.
You are too injured to fight recklessly!
You closely miss the quokka.
The quokka is almost dead.
The quokka barely misses you. The quokka closely misses you.
You closely miss the quokka.
The quokka is almost dead.
The quokka barely misses you.
You are too injured to fight recklessly!
You completely miss the quokka.
The quokka is almost dead.
The quokka closely misses you.
You miss the quokka.
The quokka is almost dead.
The quokka bites you but does no damage.
The quokka bites you.
* * * LOW HITPOINT WARNING * * *
You are too injured to fight recklessly!
You completely miss the quokka.
The quokka is almost dead.
The quokka closely misses you. The quokka bites you.
* * * LOW HITPOINT WARNING * * *
a - a +1 hand crossbow (weapon)
You are too injured to fight recklessly!
Fire: 20 bolts
Press: ? - help, Q - select action, (/) - cycle Shift-Dir - straight line, f - quokka
Aim: a quokka (severely wounded, 57% to hit)
You shoot a bolt. The bolt misses the quokka.
The quokka barely misses you. The quokka bites you.
You die...

#.#.[...# #.#
#..##...#####.#
##..)......##.#
#............#
#.........####
#.##...####
#.##...# #.
#...#
..#.##.@##
#....#r.#
#.#.#...#
.......#
#.#(#..##
#....#.#
.#.##.#


You could see a quokka.

Vanquished Creatures
  2 bats (D:1)
  A hobgoblin (D:1)
  A quokka (D:1)
  A kobold (D:1)
5 creatures vanquished.

Notes
Turn   | Place    | Note
-------+----------+-------------------------------------------
     0 | D:1      | bearlyready the Kobold Hunter began the quest for the Orb.
     0 | D:1      | Reached XP level 1. HP: 12/12 MP: 1/1
    74 | D:1      | Reached skill level 5 in Crossbows
   417 | D:1      | Slain by a quokka

Illustrated notes

Levels and vault maps discovered:
D:1:      grunt_arrival_lava_bath, layout_loops_ring, serial_shops, shop_statue

Skill      XL: |  1 |
---------------+----+-----
Crossbows      | 5 |  5.2
Fighting       | |  2.1
Dodging        | |  2.4
Stealth        | |  1.3

Action                   || total
-------------------------++-------
Melee: Short sword       ||    19
 Fire: Hand crossbow     ||     5
 Stab: Sleeping          ||     2
Armor: Leather armour    ||     3
Dodge: Dodged            ||    16

Table legend: (Time is in decaauts)
 A = Elapsed time spent in this place.
 B = Non-inter-level travel time spent in this place.
 C = Inter-level travel time spent in this place.
 D = Time resting spent in this place.
 E = Time spent auto-exploring this place.
 F = Levels seen in this place.
 G = Mean time per level.
                   A        B        C        D        E       F      G
               +--------+--------+--------+--------+--------+-----+--------+
         Total |    419 |    419 |      0 |      0 |    362 |   1 |  419.0 |
       Dungeon |    419 |    419 |      0 |      0 |    362 |   1 |  419.0 |
               +--------+--------+--------+--------+--------+-----+--------+

Top non-repeatable levels by time:
     D:1: 419 daAuts
